TOP OF THE 1ST |
Fargo Brewmasters batting - Pitching for Butte Copper Kings : RHP Rafael Montalvo
|
Pitching: RHP Rafael Montalvo
|
|
Batting: SHB Angel Escobar
|
0-0: Foul Ball, location: 2F 0-1: Foul Ball, location: 2F 0-2: Foul Ball, location: 2F 0-2: Strikes out swinging
|
Batting: LHB Victor Fernandez
|
0-0: Ball 1-0: Bunt missed! 1-1: Ground out 4-3 (Groundball, 34, EV 104.4 MPH)
|
Batting: RHB Forace Oxendine
|
0-0: Ball 1-0: Ball 2-0: SINGLE (Groundball, 6M, EV 108.1 MPH) (infield hit)
|
Batting: RHB Dick E Scott
|
0-0: Ground out 6-3 (Groundball, 6MS, EV 80.0 MPH)
|
Top of the 1st over - 0 runs, 1 hit, 0 errors, 1 left on base; Fargo 0 - Butte 0 |
BOTTOM OF THE 1ST |
Butte Copper Kings batting - Pitching for Fargo Brewmasters : RHP Julio Solano
|
Pitching: RHP Julio Solano
|
|
Batting: LHB Larry Jackson
|
0-0: Called Strike 0-1: Ground out U3 (Groundball, 3, EV 84.4 MPH)
|
Batting: RHB Jere Longenecker
|
0-0: Ground out 5-3 (Groundball, 56, EV 85.6 MPH)
|
Batting: RHB Kevin Sliwinski
|
0-0: Ball 1-0: Ball 2-0: Ball 3-0: Base on Balls
|
Batting: RHB William Allen
|
0-0: Ball 1-0: Fly out, F6 (Popup, P, EV 78.8 MPH)
|
Bottom of the 1st over - 0 runs, 0 hits, 0 errors, 1 left on base; Fargo 0 - Butte 0 |
TOP OF THE 2ND |
Fargo Brewmasters batting - Pitching for Butte Copper Kings : RHP Rafael Montalvo
|
Batting: RHB Gus Polidor
|
0-0: Foul Ball, location: 2F 0-1: Called Strike 0-2: Ball 1-2: Ball 2-2: Ground out 5-3 (Groundball, 56, EV 82.5 MPH)
|
Batting: RHB Juan Picart
|
0-0: Swinging Strike 0-1: Swinging Strike 0-2: Ball 1-2: Ball 2-2: Foul Ball, location: 2F 2-2: Ball 3-2: Strikes out swinging, 2-3 out at first.
|
Batting: RHB Randall Thorpe
|
0-0: Ground out 4-3 (Groundball, 4, EV 78.8 MPH)
|
Top of the 2nd over - 0 runs, 0 hits, 0 errors, 0 left on base; Fargo 0 - Butte 0 |
BOTTOM OF THE 2ND |
Butte Copper Kings batting - Pitching for Fargo Brewmasters : RHP Julio Solano
|
Batting: SHB Pat Bone
|
0-0: Called Strike 0-1: SINGLE (Groundball, 6M, EV 102.5 MPH) (infield hit)
|
Batting: RHB Jose Matos
|
0-0: Ball 1-0: Foul Ball, location: 2F 1-1: Ball 2-1: Fielders Choice at 2nd, 5-4 (Groundball, 56S, EV 80.6 MPH)
|
Batting: RHB Dan Gasparino
|
0-0: Called Strike 0-1: Ball 1-1: Ball 2-1: SINGLE (Line Drive, 9S, EV 110.6 MPH) Jose Matos to second
|
Batting: RHB Jose Escobar
|
0-0: Ball 1-0: Called Strike 1-1: Ball 2-1: Grounds into double play, 5-4-3 (Groundball, 56, EV 106.3 MPH)
|
Bottom of the 2nd over - 0 runs, 2 hits, 0 errors, 1 left on base; Fargo 0 - Butte 0 |
TOP OF THE 3RD |
Fargo Brewmasters batting - Pitching for Butte Copper Kings : RHP Rafael Montalvo
|
Batting: RHB Adolph Crump
|
0-0: Swinging Strike 0-1: Ball 1-1: Ball 2-1: Called Strike 2-2: Ball 3-2: Ground out U3 (Groundball, 34, EV 82.5 MPH)
|
Batting: SHB Elton Hooker
|
0-0: Ball 1-0: Ground out 6-3 (Groundball, 6, EV 90.6 MPH)
|
Batting: SHB Angel Escobar
|
0-0: Called Strike 0-1: Ball 1-1: Ground out 4-3 (Groundball, 4, EV 76.9 MPH)
|
Top of the 3rd over - 0 runs, 0 hits, 0 errors, 0 left on base; Fargo 0 - Butte 0 |
BOTTOM OF THE 3RD |
Butte Copper Kings batting - Pitching for Fargo Brewmasters : RHP Julio Solano
|
Batting: RHB Kenny Clark
|
0-0: Foul Ball, location: 2F 0-1: Ball 1-1: Ground out 4-3 (Groundball, 4, EV 80.6 MPH)
|
Batting: LHB Larry Jackson
|
0-0: Ball 1-0: Ball 2-0: Called Strike 2-1: Ball 3-1: Base on Balls
|
Batting: RHB Jere Longenecker
|
0-0: Ball 1-0: Ball 2-0: SINGLE (Groundball, P, EV 84.4 MPH) (infield hit) Larry Jackson to second
|
Batting: RHB Kevin Sliwinski
|
0-0: Ball 1-0: Foul Ball, location: 2F 1-1: Foul Ball, location: 2F 1-2: Ball 2-2: Fly out, F8 (Flyball, 8RXD, EV 90.6 MPH) Runner from 2nd tags up, SAFE at 3rd, no throw by CF
|
Batting: RHB William Allen
|
0-0: Ball 1-0: Called Strike 1-1: Ball 2-1: Ball 3-1: Fly out, F6 (Popup, 6, EV 68.8 MPH)
|
Bottom of the 3rd over - 0 runs, 1 hit, 0 errors, 2 left on base; Fargo 0 - Butte 0 |
TOP OF THE 4TH |
Fargo Brewmasters batting - Pitching for Butte Copper Kings : RHP Rafael Montalvo
|
Batting: LHB Victor Fernandez
|
0-0: Ball 1-0: Ball 2-0: SINGLE (Groundball, 4M, EV 108.1 MPH) (infield hit)
|
Batting: RHB Forace Oxendine
|
0-0: Called Strike 0-1: Called Strike 0-2: Ball 1-2: Ground out 6-3 (Groundball, 6, EV 85.0 MPH) Victor Fernandez to second
|
Batting: RHB Dick E Scott
|
0-0: Ball 1-0: DOUBLE (Line Drive, 7LM, EV 101.9 MPH) Victor Fernandez scores
|
Batting: RHB Gus Polidor
|
0-0: Fly out, F7 (Flyball, 7S, EV 82.5 MPH)
|
Batting: RHB Juan Picart
|
0-0: Ball 1-0: Ball 2-0: Called Strike 2-1: Foul Ball, location: 2F 2-2: Fly out, F7 (Flyball, 7, EV 84.4 MPH)
|
Top of the 4th over - 1 run, 2 hits, 0 errors, 1 left on base; Fargo 1 - Butte 0 |
BOTTOM OF THE 4TH |
Butte Copper Kings batting - Pitching for Fargo Brewmasters : RHP Julio Solano
|
Batting: SHB Pat Bone
|
0-0: DOUBLE (Line Drive, 9LD, EV 101.9 MPH)
|
Batting: RHB Jose Matos
|
0-0: Ball 1-0: Fly out, F8 (Flyball, 8LD, EV 100.0 MPH) Runner from 2nd tags up, SAFE at 3rd with throw by CF
|
Batting: RHB Dan Gasparino
|
0-0: Foul Ball, location: 2F 0-1: Foul Ball, location: 2F 0-2: Strikes out swinging
|
Batting: RHB Jose Escobar
|
0-0: Ball 1-0: Fly out, F4 (Line Drive, 4, EV 68.1 MPH)
|
Bottom of the 4th over - 0 runs, 1 hit, 0 errors, 1 left on base; Fargo 1 - Butte 0 |
TOP OF THE 5TH |
Fargo Brewmasters batting - Pitching for Butte Copper Kings : RHP Rafael Montalvo
|
Batting: RHB Randall Thorpe
|
0-0: Called Strike 0-1: SINGLE (Flyball, 56D, EV 96.9 MPH)
|
Batting: RHB Adolph Crump
|
0-0: Ball 1-0: Ball 2-0: Ball 3-0: Called Strike 3-1: Base on Balls Randall Thorpe to second
|
Batting: SHB Elton Hooker
|
0-0: Bunt missed! 0-1: Sac Bunt to 13S - play at first, batter OUT! 1-4 Randall Thorpe to third Adolph Crump to second
|
Batting: SHB Angel Escobar
|
0-0: Ground out 4-3 (Groundball, 4, EV 85.0 MPH) Randall Thorpe scores Adolph Crump to third
|
Batting: LHB Victor Fernandez
|
0-0: Ball 1-0: SINGLE (Groundball, 34D, EV 105.6 MPH) (infield hit) Adolph Crump scores
|
Batting: RHB Forace Oxendine
|
0-0: Called Strike Victor Fernandez is caught stealing 2nd base 2-4
|
Top of the 5th over - 2 runs, 2 hits, 0 errors, 0 left on base; Fargo 3 - Butte 0 |
BOTTOM OF THE 5TH |
Butte Copper Kings batting - Pitching for Fargo Brewmasters : RHP Julio Solano
|
Batting: RHB Kenny Clark
|
0-0: Called Strike 0-1: Ball 1-1: Ball 2-1: Foul Ball, location: 2F 2-2: Foul Ball, location: 2F 2-2: Strikes out swinging
|
Batting: LHB Larry Jackson
|
0-0: Called Strike 0-1: Called Strike 0-2: Foul Ball, location: 2F 0-2: Reached on error, E4 (Groundball, 4M, EV 79.4 MPH)
|
Batting: RHB Jere Longenecker
|
0-0: Ball 1-0: Ball 2-0: DOUBLE (Groundball, 5L, EV 98.8 MPH) Larry Jackson scores
|
Batting: RHB Kevin Sliwinski
|
0-0: Ball 1-0: Foul Ball, location: 2F 1-1: Ball 2-1: Ball 3-1: Base on Balls
|
Batting: RHB William Allen
|
0-0: Called Strike 0-1: Ball 1-1: Ball 2-1: Called Strike 2-2: Ball 3-2: Fielders Choice at 2nd, 3-6 (Groundball, 34, EV 89.4 MPH) Jere Longenecker to third
|
Batting: SHB Pat Bone
|
0-0: Ball William Allen steals 2nd, throwing error, E2 Jere Longenecker scores William Allen to third 1-0: Ground out U3 (Groundball, 3, EV 85.0 MPH)
|
Bottom of the 5th over - 2 runs, 1 hit, 2 errors, 1 left on base; Fargo 3 - Butte 2 |
TOP OF THE 6TH |
Fargo Brewmasters batting - Pitching for Butte Copper Kings : RHP Rafael Montalvo
|
Batting: RHB Forace Oxendine
|
0-0: Fly out, F9 (Flyball, 9S, EV 76.9 MPH)
|
Batting: RHB Dick E Scott
|
0-0: Called Strike 0-1: Ball 1-1: Foul Ball, location: 2F 1-2: Ball 2-2: Ball 3-2: Base on Balls
|
Pitching: RHP Kevin Quirk
|
|
Batting: RHB Gus Polidor
|
0-0: Ball 1-0: Called Strike 1-1: Grounds into double play, 6-4-3 (Groundball, 6S, EV 82.5 MPH)
|
Top of the 6th over - 0 runs, 0 hits, 0 errors, 0 left on base; Fargo 3 - Butte 2 |
BOTTOM OF THE 6TH |
Butte Copper Kings batting - Pitching for Fargo Brewmasters : RHP Julio Solano
|
Batting: RHB Jose Matos
|
0-0: Swinging Strike 0-1: Swinging Strike 0-2: Ball 1-2: Foul Ball, location: 2F 1-2: Fly out, F7 (Flyball, 78S, EV 85.6 MPH)
|
Batting: RHB Dan Gasparino
|
0-0: Called Strike 0-1: Ball 1-1: Fly out, F8 (Flyball, 8RM, EV 78.1 MPH)
|
Batting: RHB Jose Escobar
|
0-0: Swinging Strike 0-1: Called Strike 0-2: Ground out 5-3 (Groundball, 56S, EV 93.8 MPH)
|
Bottom of the 6th over - 0 runs, 0 hits, 0 errors, 0 left on base; Fargo 3 - Butte 2 |
TOP OF THE 7TH |
Fargo Brewmasters batting - Pitching for Butte Copper Kings : RHP Kevin Quirk
|
Batting: RHB Juan Picart
|
0-0: Ground out U3 (Groundball, 34S, EV 81.3 MPH)
|
Batting: RHB Randall Thorpe
|
0-0: Called Strike 0-1: Swinging Strike 0-2: Ground out 5-3 (Groundball, 56, EV 79.4 MPH)
|
Batting: RHB Adolph Crump
|
0-0: Ball 1-0: Called Strike 1-1: Ball 2-1: Fly out, F9 (Flyball, 9LM, EV 86.9 MPH)
|
Top of the 7th over - 0 runs, 0 hits, 0 errors, 0 left on base; Fargo 3 - Butte 2 |
BOTTOM OF THE 7TH |
Butte Copper Kings batting - Pitching for Fargo Brewmasters : RHP Julio Solano
|
Batting: RHB Kenny Clark
|
0-0: Called Strike 0-1: Swinging Strike 0-2: Ground out 6-3 (Groundball, 6M, EV 78.8 MPH)
|
Batting: LHB Larry Jackson
|
0-0: Called Strike 0-1: Ball 1-1: Swinging Strike 1-2: Fly out, F8 (Line Drive, 8LD, EV 97.5 MPH)
|
Batting: RHB Jere Longenecker
|
0-0: Foul Ball, location: 2F 0-1: Called Strike 0-2: Ball 1-2: Fly out, F9 (Flyball, 9S, EV 86.9 MPH)
|
Bottom of the 7th over - 0 runs, 0 hits, 0 errors, 0 left on base; Fargo 3 - Butte 2 |
TOP OF THE 8TH |
Fargo Brewmasters batting - Pitching for Butte Copper Kings : RHP Kevin Quirk
|
Batting: SHB Elton Hooker
|
0-0: Called Strike 0-1: Ball 1-1: Ball 2-1: Ball 3-1: Called Strike 3-2: Base on Balls
|
Batting: SHB Angel Escobar
|
0-0: Ball 1-0: Bunted foul 1-1: Bunt missed! 1-2: Ball 2-2: Ground out 4-3 (Groundball, 34D, EV 105.0 MPH) Elton Hooker to second
|
Batting: LHB Victor Fernandez
|
0-0: Intentional Walk
|
Batting: RHB Forace Oxendine
|
0-0: Foul Ball, location: 2F 0-1: Called Strike 0-2: Foul Ball, location: 2F 0-2: Strikes out swinging
|
Batting: RHB Dick E Scott
|
0-0: Swinging Strike 0-1: Ball 1-1: Ground out 4-3 (Groundball, 4, EV 87.5 MPH)
|
Top of the 8th over - 0 runs, 0 hits, 0 errors, 2 left on base; Fargo 3 - Butte 2 |
BOTTOM OF THE 8TH |
Butte Copper Kings batting - Pitching for Fargo Brewmasters : RHP Julio Solano
|
Pitching: LHP Allan Bauman
|
|
Batting: RHB Kevin Sliwinski
|
0-0: Ball 1-0: Ball 2-0: Foul Ball, location: 2F 2-1: Foul Ball, location: 2F 2-2: Ball 3-2: SINGLE (Line Drive, 7LS, EV 98.8 MPH)
|
Batting: RHB William Allen
|
0-0: Called Strike 0-1: Ball 1-1: Swinging Strike 1-2: Ball Wild Pitch! Kevin Sliwinski to second 2-2: Foul Ball, location: 2F 2-2: Ground out 4-3 (Groundball, 34D, EV 84.4 MPH) Kevin Sliwinski to third
|
Batting: SHB Pat Bone
|
0-0: Ball 1-0: Ball 2-0: Foul Ball, location: 2F 2-1: Foul Ball, location: 2F 2-2: Strikes out swinging
|
Pinch Hitting: RHB Robert Ferro
|
0-0: Foul Ball, location: 2F 0-1: Ball 1-1: Swinging Strike 1-2: Ball 2-2: Ball 3-2: Base on Balls
|
Batting: RHB Dan Gasparino
|
0-0: Ball 1-0: Foul Ball, location: 2F 1-1: 3-RUN HOME RUN (Flyball, 78XD, EV 95.6 MPH), Distance : 413 ft
|
Pitching: RHP John Christiansen
|
|
Batting: RHB Jose Escobar
|
0-0: Foul Ball, location: 2F 0-1: Ball 1-1: Fly out, F8 (Flyball, 89D, EV 102.5 MPH)
|
Bottom of the 8th over - 3 runs, 2 hits, 0 errors, 0 left on base; Fargo 3 - Butte 5 |
TOP OF THE 9TH |
Fargo Brewmasters batting - Pitching for Butte Copper Kings : RHP Kevin Quirk
|
Pitching: RHP Tony Ghelfi
|
|
Now at 3B: Mark Blaser
|
|
Batting: RHB Gus Polidor
|
0-0: Called Strike 0-1: Called Strike 0-2: Fly out, F8 (Flyball, 8RD, EV 85.0 MPH)
|
Batting: RHB Juan Picart
|
0-0: Foul Ball, location: 2F 0-1: Ball 1-1: Swinging Strike 1-2: Strikes out swinging
|
Batting: RHB Randall Thorpe
|
0-0: Ball 1-0: Foul Ball, location: 2F 1-1: Ground out 6-3 (Groundball, 6, EV 105.6 MPH)
|
Top of the 9th over - 0 runs, 0 hits, 0 errors, 0 left on base; Fargo 3 - Butte 5 |
|